[Event "Late-Titled-Tuesday-Blitz-September-05-2023"]
[Site "Chess.com"]
[Date "2023.09.05"]
[Round "3"]
[White "Hamisandwich"]
[Black "Godzillator"]
[Result "1-0"]
[WhiteElo "2656"]
[BlackElo "2332"]
[TimeControl "180+1"]
[EndTime "14:29:01 PDT"]
[Termination "Hamisandwich won by resignation"]

1. b3 d5 2. Bb2 c6 3. e3 Nf6 4. Nf3 Bg4 5. Be2 e6 6. c4 Be7 7. O-O O-O 8. d3 a5 9. a3 Nbd7 10. cxd5 cxd5 11. h3 Bh5 12. Nd4 Bxe2 13. Qxe2 Qb6 14.
Nc3 Rfc8 15. Na4 Qd8 16. Nb5 Nc5 17. Nxc5 Rxc5 18. a4 Rac8 19. Rfc1 Rxc1+ 20. Rxc1 Rxc1+ 21. Bxc1 Bb4 22. Bb2 Qc8 23. Bxf6 gxf6 24. Qb2 Kg7 25. g4 h6 26. Kg2 Qc6 27. Nd4 Qc7 28. Ne2 Qc6 29. Kg1 Bd6 30. Qc3 Qxc3 31. Nxc3 Kg6 32. e4 Be5 33. Ne2 dxe4 34. dxe4 f5 35. f4 Bb2 36.
gxf5+ exf5 37. e5 f6 38. exf6 Kxf6 39. Kf2 Ke6 40. Ke3 Kd5 41. Ng3 Ke6 42. Kd3 Bc1 43.
Ne2 Bb2 44. Kc4 Kd6 45. Kb5 Kd5 46. Ng3 Bc1 47. Nxf5 Bxf4 48. Kxa5 h5 49. Kb6 Ke5 50. Ng7 h4 51. Kxb7 Bh6 52. Ne8 Kf4 53. Nd6 Kg3 54.
Nf5+ Kxh3 55. Nxh4 Kxh4 56. b4 Kg5 57. b5 Kf6 58. b6 Ke7 59. a5 Kd7 60. a6 Be3 61.
a7 Bxb6 62. Kxb6 Kc8 63. a8=Q+ 1-0

[Event "Late-Titled-Tuesday-Blitz-September-05-2023"]
[Site "Chess.com"]
[Date "2023.09.05"]
[Round "3"]
[White "2k28Lakers"]
[Black "nassimzrikem"]
[Result "1-0"]
[WhiteElo "2517"]
[BlackElo "2276"]
[TimeControl "180+1"]
[EndTime "14:29:01 PDT"]
[Termination "2k28Lakers won by resignation"]

1. e4 e5 2. Nf3 Nc6 3. Bc4 Nf6 4. d3 Be7 5. O-O O-O 6. h3 d6 7.
a3 Na5 8. Ba2 c5 9. Nc3 Be6 10.
Nd5 Nd7 11. Re1 Nc6 12. c3 Kh8 13. d4 cxd4 14. cxd4 exd4 15. Nxd4 Bxd5 16. Bxd5 Nxd4 17. Qxd4 Bf6 18. Qb4 Nc5 19. Rd1 a5 20. Qb5 a4 21.
Be3 Qa5 22. Qe2 Nb3 23. Rab1 Rab8 24. Bxb3 axb3 25. Rxd6 Rfd8 26. Rbd1 Rxd6 27. Rxd6 Qe5 28. Rb6 Qxe4 29. Rxb3 Qb1+ 30. Kh2 Rd8 31. Rxb7 Rd1 32. Rb8+ Bd8 33. Bg5 Rh1+ 34. Kg3 h6 35. Rxd8+ Kh7 36. Qd3+ Qxd3+ 37. Rxd3 hxg5 38. a4 f5 39. Ra3 Rb1 40.
Ra2 Rd1 41. a5 Rd3+ 42. Kh2 g4 43. hxg4 fxg4 44. a6 1-0

[Event "Late-Titled-Tuesday-Blitz-September-05-2023"]
[Site "Chess.com"]
[Date "2023.09.05"]
[Round "3"]
[White "MajorCoast"]
[Black "DvaHrasta"]
[Result "0-1"]
[WhiteElo "2298"]
[BlackElo "2497"]
[TimeControl "180+1"]
[EndTime "14:29:01 PDT"]
[Termination "DvaHrasta won on time"]

1. d4 Nf6 2. Nf3 e6 3. Bf4 d5 4.
e3 Bd6 5. Bg3 O-O 6. c3 b6 7. Bd3 c5 8. Nbd2 Ba6 9. Bxa6 Nxa6 10. Qa4 Nc7 11. Qc6 Bxg3 12. hxg3 Qd7 13. Ne5 Qxc6 14.
Nxc6 Rfe8 15. Ke2 Nd7 16. Nf3 f6 17. dxc5 bxc5 18. Rh4 c4 19. Rah1 h6 20. Ncd4 Nc5 21.
Ne1 Rab8 22. b4 cxb3 23. Nxb3 Nxb3 24. axb3 Rxb3 25. Ra4 Rb2+ 26. Kf3 a6 27. Nd3 Rc2 28. Nc5 e5 29. g4 Rxc3 30. Nxa6 e4+ 31. Kg3 Nxa6 32.
Rxa6 d4 33. Kf4 d3 34. Rd6 Rc2 35. f3 Rxg2 36. fxe4 d2 37. Rd1 Re5 38. R1xd2 Rg1 39. Rf2 Rg5 40. Ra2 R1xg4+ 41. Kf3 Rg3+ 42. Kf4 Kh7 43. Ra7 R5g4+ 44. Kf5 h5 45. Rxf6 Rf3+ 0-1

[Event "Late-Titled-Tuesday-Blitz-September-05-2023"]
[Site "Chess.com"]
[Date "2023.09.05"]
[Round "3"]
[White "MKlose11"]
[Black "stasOR4ik"]
[Result "1-0"]
[WhiteElo "2632"]
[BlackElo "2457"]
[TimeControl "180+1"]
[EndTime "14:29:03 PDT"]
[Termination "MKlose11 won on time"]

1. e4 c6 2. Nc3 d5 3. g3 dxe4 4.
Nxe4 Nf6 5. Bg2 Bf5 6. d3 Bxe4 7. dxe4 Qxd1+ 8. Kxd1 e5 9. c3 Ng4 10. Nh3 Bc5 11.
Ke2 h5 12. f3 Nf6 13. Be3 Na6 14. Rhd1 Ke7 15. Nf2 Rad8 16. h4 Bxe3 17. Kxe3 Nc5 18.
Bh3 Rxd1 19. Rxd1 Rd8 20. b4 Na4 21. Rxd8 Kxd8 22. Nd1 Ne8 23. Kd3 Nd6 24. Ne3 Nb2+ 25. Ke2 Nbc4 26. Nxc4 Nxc4 27. Bf1 Kc7 28. Kd3 b5 29. Be2 g6 30. f4 Kd6 31. f5 Ke7 32. fxg6 fxg6 33. g4 hxg4 34. Bxg4 Nd6 35. Be2 Ne8 36. Ke3 Nc7 37. Bg4 Ne8 38. Kf3 Nd6 39. Bh3 Ne8 40. Bf1 Nf6 41. Bd3 Nh5 42. Bc2 Nf4 43. a4 bxa4 44. Bxa4 Kd6 45. Bb3 Nd3 46.
Ke3 Nf4 47. Kf3 Nd3 48. Bf7 Nf4 49. Kg4 Ke7 50. Bc4 Kf6 51. Bf1 Ke7 52. Ba6 Kd6 53. Kg5 Ke7 54. Bc4 c5 55. b5 Kd6 56. Bf7 Ne2 57. c4 Nc3 58. Kxg6 1-0

[Event "Late-Titled-Tuesday-Blitz-September-05-2023"]
[Site "Chess.com"]
[Date "2023.09.05"]
[Round "3"]
[White "Langua_Chess"]
[Black "TanitoluwaAps116"]
[Result "1-0"]
[WhiteElo "2498"]
[BlackElo "2692"]
[TimeControl "180+1"]
[EndTime "14:29:04 PDT"]
[Termination "Langua_Chess won by resignation"]

1. d4 Nf6 2. c4 e6 3. Nc3 Bb4 4. f3 c5 5. d5 O-O 6. e4 d6 7. Bd2 Re8 8. Bd3 exd5 9. Nxd5 Bxd2+ 10.
Qxd2 Nc6 11. Ne2 Ne5 12. O-O b5 13. cxb5 Nxd5 14. exd5 c4 15. Bc2 Qb6+ 16. Nd4 Nd3 17. Qc3 Nf4 18. Kh1 Nxd5 19. Qxc4 Ne3 20. Rfe1 Bh3 21.
Rxe3 Rxe3 22. gxh3 Rae8 23. Be4 g6 24. Nc2 d5 25.
Bxd5 Re2 26. Bxf7+ Kg7 27. Bxe8 Qf2 28. Qd4+ Kf8 29.
Qxf2 Rxf2 30. Bc6 Rxc2 31. b3 Ke7 32. Re1+ Kf6 33. a4 Kf5 34. Re4 h5 35. h4 g5 36.
hxg5 Kxg5 37. h4+ Kf5 38. Kg1 Rb2 39. Rb4 Rc2 40. a5 Rc5 41. Kf2 Ke5 42. Ke3 Rc4 1-0

[Event "Late-Titled-Tuesday-Blitz-September-05-2023"]
[Site "Chess.com"]
[Date "2023.09.05"]
[Round "3"]
[White "leschebaza"]
[Black "laskakid"]
[Result "1/2-1/2"]
[WhiteElo "2388"]
[BlackElo "2226"]
[TimeControl "180+1"]
[EndTime "14:29:04 PDT"]
[Termination "Game drawn by repetition"]

1. d4 d5 2. c4 c6 3. Nd2 Nf6 4. Ngf3 Bf5 5. Nh4 Be4 6. f3 Bg6 7. Qb3 Qc7 8. e3 e6 9. Be2 Be7 10. Nxg6 hxg6 11. g3 Nbd7 12. O-O Bd6 13. f4 Nh5 14. Nf3 Nhf6 15. Bd2 Ne4 16. Bb4 c5 17.
Ba3 dxc4 18. Qxc4 Rc8 19. dxc5 Nexc5 20. Rfd1 Be7 21. Rac1 O-O 22. b4 Nb6 23. Qb5 a6 24. Qa5 Nba4 25. Qxc7 Rxc7 26. bxc5 Rfc8 27. Ne5 Nxc5 28. Bxc5 Bxc5 29. Kg2 Bxe3 30. Rxc7 Rxc7 31. Rd8+ Kh7 32. Bd3 Bb6 33. Rf8 f5 34. h4 Rc3 35.
Rb8 Bd4 36. Be2 Rc2 37. Kf3 b5 38. Rb7 Rc3+ 39. Kg2 Rc2 40. Kf1 Rc1+ 41. Kg2 Rc2 42.
Kf3 Rc3+ 43. Kg2 Rc2 1/2-1/2

[Event "Late-Titled-Tuesday-Blitz-September-05-2023"]
[Site "Chess.com"]
[Date "2023.09.05"]
[Round "3"]
[White "korason34"]
[Black "artin10862"]
[Result "1-0"]
[WhiteElo "2692"]
[BlackElo "2936"]
[TimeControl "180+1"]
[EndTime "14:29:06 PDT"]
[Termination "korason34 won by checkmate"]

1. e4 c5 2. Nf3 d6 3. d4 cxd4 4. Nxd4 Nf6 5. Nc3 a6 6. f3 e6 7. Be3 b5 8. g4 Bb7 9. g5 Nfd7 10. Qd2 Nb6 11. O-O-O N8d7 12. Nb3 Rc8 13. Kb1 Ne5 14. Na5 Ba8 15. Qf2 Rxc3 16. Bxb6 Rxf3 17. Qxf3 Qxb6 18. Qc3 Bxe4 19. Rg1 Be7 20. Bg2 Bxg2 21. Rxg2 O-O 22. Nb3 Qb7 23. Qg3 Ra8 24. h4 a5 25. Nd4 a4 26. h5 b4 27. g6 hxg6 28. hxg6 Nxg6 29. Nxe6 Bf6 30. Rgd2 Ne5 31. Nf4 Nc4 32. Rh2 Rc8 33. Qh3 Kf8 34. Nd5 Na3+ 35. Ka1 Nxc2+ 36. Rxc2 Rxc2 37. Qh8# 1-0

[Event "Late-Titled-Tuesday-Blitz-September-05-2023"]
[Site "Chess.com"]
[Date "2023.09.05"]
[Round "3"]
[White "Chemim21"]
[Black "Evhen_Taranenko"]
[Result "0-1"]
[WhiteElo "2264"]
[BlackElo "2455"]
[TimeControl "180+1"]
[EndTime "14:29:08 PDT"]
[Termination "Evhen_Taranenko won on time"]

1. d4 Nf6 2. Nf3 g6 3. Bf4 Bg7 4. e3 O-O 5. h3 d6 6. Nbd2 Nbd7 7. c3 Qe8 8. Bh2 e5 9. Bc4 exd4 10. cxd4 Nb6 11. Be2 Bf5 12. O-O Ne4 13. a4 a5 14.
Nxe4 Bxe4 15. Nd2 Bd5 16. Bf3 Qe6 17. Qc2 Bxf3 18. Nxf3 c6 19. Rfb1 Nd5 20. Qc4 Rfd8 21. Ng5 Qf5 22. h4 h6 23. e4 Qg4 24. exd5 hxg5 25. dxc6 Bxd4 26. Qd5 bxc6 27. Qxc6 gxh4 28. Ra3 Bxb2 29. Rd3 Rac8 30. Qb6 Qe2 31. Qe3 Qxe3 32. Rxe3 Rc1+ 33. Rxc1 Bxc1 34. Rd3 d5 35. Kf1 Bb2 36. Ke2 d4 37. Be5 Bc3 0-1

[Event "Late-Titled-Tuesday-Blitz-September-05-2023"]
[Site "Chess.com"]
[Date "2023.09.05"]
[Round "3"]
[White "bazar-wokzal"]
[Black "Fonsofan"]
[Result "0-1"]
[WhiteElo "2516"]
[BlackElo "2743"]
[TimeControl "180+1"]
[EndTime "14:29:09 PDT"]
[Termination "Fonsofan won on time"]

1. e4 d6 2. f4 Nf6 3. Nc3 d5 4. e5 d4 5. Nce2 Nd5 6. Nxd4 Nxf4 7. Ngf3 c5 8. Bb5+ Bd7 9. e6 cxd4 10. exd7+ Nxd7 11. O-O d3 12. Kh1 Qc7 13. cxd3 Nd5 14. Bxd7+ Kxd7 15. Qa4+ Kc8 16. b3 Qd7 17. Qc4+ Qc6 18.
Qd4 f6 19. Bb2 Kd8 20. Rac1 Qd7 21. Rc5 e6 22. Rc4 Bd6 23. Re1 b5 24. Rcc1 Rc8 25. Qh4 Ke7 26. Nd4 Rxc1 27. Bxc1 Nc7 28. Qe4 Kf7 29. Nc6 Bc5 30. d4 Bd6 31. Bb2 Nd5 32.
Na5 g6 33. a3 Rc8 34. b4 Rc2 35. Qxc2 Nb6 36. Qc6 Qe7 37. Nb7 Bf4 38. Nc5 Nc4 39. Rxe6 Qd8 40. d5 Be5 41. Bxe5 Nxe5 0-1

[Event "Late-Titled-Tuesday-Blitz-September-05-2023"]
[Site "Chess.com"]
[Date "2023.09.05"]
[Round "3"]
[White "WindWhistler11"]
[Black "nitpicker"]
[Result "1-0"]
[WhiteElo "2472"]
[BlackElo "2272"]
[TimeControl "180+1"]
[EndTime "14:29:09 PDT"]
[Termination "WindWhistler11 won on time"]

1. Nf3 Nf6 2. g3 d5 3. c4 d4 4. Bg2 Nc6 5. e3 dxe3 6. fxe3 Qd3 7. Bf1 Qd6 8. d4 e5 9. d5 e4 10. Nd4 Ne5 11. Be2 Bh3 12. Nb5 Qd7 13. N1c3 Bg2 14. Rg1 Nf3+ 15. Bxf3 Bxf3 16. Qa4 Kd8 17. b3 a6 18. Nd4 Bg4 19. Qxd7+ Kxd7 20. Kd2 Bd6 21.
Bb2 h5 22. h4 c5 23. dxc6+ bxc6 24. Raf1 Be5 25. Na4 Rhe8 26. Nb6+ Kc7 27. Nxa8+ Rxa8 28.
Kc2 Re8 29. Nf5 Bxb2 30. Kxb2 Bxf5 31. Rxf5 Re7 32. Rgf1 Kd7 33. Kc3 Ke8 34. Rg5 Ng4 35. Re1 g6 36. Ra5 Re6 37. Rxa6 Rd6 38. Kb4 Rd3 39.
Kc5 f5 40. Kxc6 Nxe3 41. b4 Nxc4 42. b5 Ne5+ 43. Kc7 1-0

[Event "Late-Titled-Tuesday-Blitz-September-05-2023"]
[Site "Chess.com"]
[Date "2023.09.05"]
[Round "3"]
[White "Fandorine"]
[Black "DefiantChair"]
[Result "1-0"]
[WhiteElo "2921"]
[BlackElo "2647"]
[TimeControl "180+1"]
[EndTime "14:29:10 PDT"]
[Termination "Fandorine won by resignation"]

1. Nf3 d5 2. g3 Nf6 3. Bg2 e6 4. O-O Be7 5. d3 O-O 6. Nbd2 c5 7. e4 Nc6 8. Re1 b5 9. exd5 exd5 10. d4 Bg4 11. h3 Bh5 12. dxc5 Bxc5 13. Nb3 Bb6 14. Be3 Ne4 15. g4 Bg6 16. Nbd4 Nxd4 17. Bxd4 Re8 18.
Bxb6 Qxb6 19. Qd4 Qc7 20. c3 Rad8 21. a4 a6 22. axb5 axb5 23. Ra7 Qc4 24. Qxc4 bxc4 25.
Nd4 h6 26. f4 f6 27. Nc6 Ra8 28. Ne7+ Kh7 29. Rxa8 Rxa8 30. Nxd5 Rd8 31. Bxe4 Bxe4 32. Rxe4 Rxd5 33. Rxc4 Rd1+ 34. Kf2 Rd2+ 35. Kg3 Rxb2 36.
f5 h5 37. Rc8 Rc2 38. gxh5 Kh6 39. Kh4 Kh7 40. h6 gxh6 41. Kh5 Rf2 42. Rc7+ Kg8 43. Kg6 1-0

[Event "Late-Titled-Tuesday-Blitz-September-05-2023"]
[Site "Chess.com"]
[Date "2023.09.05"]
[Round "3"]
[White "Grossboss19"]
[Black "MariaFominykh"]
[Result "1-0"]
[WhiteElo "2491"]
[BlackElo "2281"]
[TimeControl "180+1"]
[EndTime "14:29:10 PDT"]
[Termination "Grossboss19 won on time"]

1. a3 Nf6 2. b4 e5 3. Bb2 d6 4.
Nf3 c6 5. c4 Be6 6. e3 Nbd7 7.
d4 e4 8. Nfd2 d5 9. Nc3 Bd6 10.
Qc2 O-O 11. h3 Rc8 12. Be2 Bb8 13. g4 Ne8 14. O-O-O a5 15. c5 axb4 16. axb4 b6 17. f4 exf3 18. Nxf3 bxc5 19. bxc5 f5 20. Rdg1 Kh8 21.
Bd3 Qf6 22. g5 Qe7 23. h4 Bg8 24. Re1 Bg3 25. Re2 Be6 26. h5 Rb8 27. Rg2 Bc7 28. Ne2 Rb7 29. Nf4 Bxf4 30. exf4 Nc7 31. Kd2 Nb5 32. Re2 Qf7 33. g6 Qf6 34. Ng5 Nxd4 35.
Bxd4 Qxd4 36. Nxe6 Qb4+ 37. Ke3 Re8 38. Kf3 Nxc5 39.
Nxc5 Rxe2 40. Qxe2 Rb8 41. Nd7 Qd6 42. Nxb8 Qxb8 43. Re1 1-0

[Event "Late-Titled-Tuesday-Blitz-September-05-2023"]
[Site "Chess.com"]
[Date "2023.09.05"]
[Round "3"]
[White "isla88"]
[Black "ChessSwole"]
[Result "1-0"]
[WhiteElo "2490"]
[BlackElo "2678"]
[TimeControl "180+1"]
[EndTime "14:29:12 PDT"]
[Termination "isla88 won on time"]

1. d4 Nf6 2. Nf3 g6 3. Nbd2 Bg7 4.
e4 O-O 5. Bd3 d6 6. O-O Nc6 7. Re1 e5 8. dxe5 dxe5 9. Nc4 Qe7 10. b3 Rd8 11. Ba3 Qe8 12. Qc1 Bg4 13. Qe3 Nh5 14. g3 h6 15. Be2 Qe6 16. Rad1 Nd4 17. Nxd4 exd4 18. Bxg4 Qxg4 19. Qe2 Qe6 20. f4 Nf6 21. Kg2 b6 22. Nb2 c5 23. Nd3 Re8 24.
e5 Nd5 25. Qf3 Rad8 26. Kh1 h5 27. Bc1 Nc3 28. Rd2 Nxa2 29. Bb2 c4 30. bxc4 Qxc4 31.
f5 Nc3 32. fxg6 fxg6 33. Nf4 Rf8 34. Qb7 Rf7 35. Qg2 g5 36. e6 Re7 37. Nxh5 Rxe6 38. Rf1 Rf8 39. Rxf8+ Bxf8 40. h4 Re1+ 41. Kh2 g4 42. Rf2 Bd6 43. Nf6+ Kh8 44. Nxg4 Qe6 45. Kh3 Re4 46. Bxc3 Qxg4+ 47. Kh2 1-0

[Event "Late-Titled-Tuesday-Blitz-September-05-2023"]
[Site "Chess.com"]
[Date "2023.09.05"]
[Round "3"]
[White "GianmarcoVaR"]
[Black "newyorkmouse"]
[Result "1-0"]
[WhiteElo "2628"]
[BlackElo "2455"]
[TimeControl "180+1"]
[EndTime "14:29:12 PDT"]
[Termination "GianmarcoVaR won by checkmate"]

1. e4 d6 2. d4 Nf6 3. Bd3 e6 4. Nf3 Be7 5. O-O O-O 6. c4 c5 7. d5 exd5 8. cxd5 b5 9. Re1 c4 10. Bf1 Nbd7 11. Nd4 a6 12. Nc6 Qe8 13. a4 Bb7 14.
Nc3 Bxc6 15. dxc6 Ne5 16. Nd5 Nxd5 17. exd5 Rb8 18. axb5 axb5 19. Ra7 Bd8 20. c7 Bxc7 21. Rxc7 Ra8 22. Rb7 Ra1 23. Re3 Qc8 24. Rxb5 Nd3 25.
Bxd3 cxd3 26. Re1 Re8 27. Rxe8+ Qxe8 28. Rb3 g6 29. Rxd3 Qc8 30. Rc3 Qf5 31. h3 Qb1 32. Qc2 Qa2 33. Qd2 Kg7 34. Kh2 Qa4 35. Qd3 Ra2 36.
Be3 Ra1 37. Bd4+ Kh6 38. Qe3+ g5 39. h4 f6 40. hxg5+ fxg5 41. Qh3+ Kg6 42. Qe6+ Kh5 43. Rh3# 1-0

[Event "Late-Titled-Tuesday-Blitz-September-05-2023"]
[Site "Chess.com"]
[Date "2023.09.05"]
[Round "3"]
[White "whiteglovethief"]
[Black "Doudou2015"]
[Result "1/2-1/2"]
[WhiteElo "2504"]
[BlackElo "2193"]
[TimeControl "180+1"]
[EndTime "14:29:12 PDT"]
[Termination "Game drawn - insufficient material"]

1. d4 d5 2. c4 e6 3. Nf3 c6 4.
g3 dxc4 5. Bg2 Nf6 6. O-O Bd6 7. Qc2 b5 8. Rd1 Bb7 9. Ne5 Qc7 10. a4 a6 11. b3 cxb3 12. Qxb3 O-O 13. Ba3 Rd8 14. Bxd6 Rxd6 15. Nc3 Nbd7 16. Rac1 Nxe5 17. dxe5 Rxd1+ 18.
Rxd1 Qxe5 19. axb5 axb5 20. Nxb5 Qxb5 21. Qxb5 cxb5 22.
Bxb7 Rb8 23. Rd6 Nd5 24. Bxd5 exd5 25. Rxd5 Kf8 26. Rd3 Ke7 27. e4 Ke6 28. f4 b4 29.
Rb3 f5 30. exf5+ Kxf5 31. Kf2 Ke4 32. Ke2 Kd4 33. Kd2 Kc4 34. Kc2 Re8 35. Rf3 Re2+ 36.
Kb1 Rxh2 37. f5 Rh6 38. g4 Rd6 39. g5 Kd5 40. Rh3 Ke5 41. Rxh7 Kxf5 42. Rxg7 Rb6 43. Rc7 Kxg5 44. Rc4 Kf5 45. Kb2 Ke5 46. Kb3 Kd5 47. Rxb4 Rxb4+ 48. Kxb4 1/2-1/2

[Event "Late-Titled-Tuesday-Blitz-September-05-2023"]
[Site "Chess.com"]
[Date "2023.09.05"]
[Round "3"]
[White "Dzidzik2203"]
[Black "AleksanderHnydiuk"]
[Result "0-1"]
[WhiteElo "2339"]
[BlackElo "2538"]
[TimeControl "180+1"]
[EndTime "14:29:13 PDT"]
[Termination "AleksanderHnydiuk won by checkmate"]

1. d4 Nf6 2. c4 e6 3. Nf3 c5 4.
d5 exd5 5. cxd5 d6 6. Nc3 a6 7. a4 g6 8. Bg5 Bg7 9. e3 h6 10. Bh4 g5 11. Bg3 Nh5 12. Nd2 Nxg3 13. hxg3 Nd7 14.
a5 b5 15. axb6 Nxb6 16. Be2 O-O 17. Nb3 f5 18. Na5 f4 19. gxf4 gxf4 20. O-O fxe3 21.
fxe3 Rxf1+ 22. Qxf1 Qg5 23. Qf3 Bd7 24. Ne4 Qg6 25. Nc6 Re8 26. Ng3 Kh8 27. Nh5 Bxb2 28. Nf4 Qe4 29. Rxa6 Qxf3 30. Bxf3 Nc4 31. Ne6 Nxe3 32.
Ra7 Bxe6 33. Bh5 Bf7 34. Bxf7 Rf8 35. Be6 c4 36. Ne7 Rf6 37. Ra8+ Kh7 38. Nc6 h5 39. Ra7+ Kh6 40. Ra8 c3 41. Rh8+ Kg5 42. Rg8+ Rg6 43. Rf8 c2 44. Kh2 c1=Q 45. Ne7 Be5+ 46. g3 Qd2+ 47. Kh3 Qg2# 0-1

[Event "Late-Titled-Tuesday-Blitz-September-05-2023"]
[Site "Chess.com"]
[Date "2023.09.05"]
[Round "3"]
[White "bascheyaro"]
[Black "jup1978"]
[Result "1-0"]
[WhiteElo "2807"]
[BlackElo "2535"]
[TimeControl "180+1"]
[EndTime "14:29:15 PDT"]
[Termination "bascheyaro won on time"]

1. d4 d5 2. Nf3 Nf6 3. Bf4 c5 4. e3 cxd4 5. exd4 Nc6 6. c3 Bg4 7. Nbd2 Bxf3 8. Nxf3 e6 9. Qb3 Qd7 10. Ne5 Qc8 11. Qa4 Nd7 12. Nxc6 Qxc6 13. Qxc6 bxc6 14. Ba6 e5 15. dxe5 Nc5 16. Be2 Ne6 17. Be3 Bc5 18.
Kd2 Rb8 19. b4 d4 20. bxc5 dxe3+ 21. Kxe3 Ke7 22. Rab1 Nxc5 23. f4 Na4 24. Rhc1 Rhd8 25. Bf3 Rxb1 26. Rxb1 Nxc3 27. Rb3 Nxa2 28. Bxc6 Rc8 29.
Rb7+ Kf8 30. Bd5 Nc3 31. Rxf7+ Ke8 32. Bb3 Rb8 33. Bc4 Nd1+ 34. Ke2 Nb2 35. Bd5 Rd8 36. Ba2 Rc8 37. Rxg7 Rc2+ 38. Kf3 Nd1 39. Bb1 Rf2+ 40. Kg3 h5 41. Bg6+ Kf8 42. Rf7+ Kg8 43. f5 h4+ 44.
Kxh4 Rxg2 45. e6 Nf2 46. e7 1-0

[Event "Late-Titled-Tuesday-Blitz-September-05-2023"]
[Site "Chess.com"]
[Date "2023.09.05"]
[Round "3"]
[White "rasmussvane"]
[Black "simplerXiao"]
[Result "1-0"]
[WhiteElo "2951"]
[BlackElo "2505"]
[TimeControl "180+1"]
[EndTime "14:29:17 PDT"]
[Termination "rasmussvane won by checkmate"]

1. Nf3 d5 2. g3 Nc6 3. d4 Bf5 4. Bg2 Qd7 5. c4 Nf6 6. cxd5 Nxd5 7. O-O Bh3 8. e4 Nb6 9. d5 Bxg2 10. Kxg2 Nd8 11.
Ne5 Qd6 12. Bf4 Qf6 13. Nc3 g5 14. Nb5 Rc8 15. Ng4 Qxb2 16. Nxc7+ Rxc7 17. Bxc7 Bg7 18. d6 Qxa1 19. Qxa1 Bxa1 20. Rxa1 Ne6 21. Bxb6 axb6 22. Rb1 exd6 23. Rxb6 Nc5 24. Rxd6 Nxe4 25. Rb6 Nc5 26. Rb5 Ne6 27. Rxb7 O-O 28. a4 Ra8 29. Nh6+ Kg7 30. Nxf7 Kf6 31. Nd6 Rxa4 32. Rxh7 Ra2 33. Rf7+ Kg6 34. Rf3 Nd4 35. Rd3 Nc2 36. Rc3 Ne1+ 37. Kf1 Nc2 38. Ne4 Nd4 39. Rd3 Ne6 40. Rd5 g4 41. Re5 Ra6 42. Kg2 Kh6 43. Nc5 Nxc5 44. Rxc5 Kg6 45. h3 gxh3+ 46. Kxh3 Ra1 47. f4 Rh1+ 48. Kg4 Ra1 49. Rc6+ Kf7 50. Kg5 Rg1 51. g4 Ra1 52. f5 Ra5 53. Rc7+ Kf8 54.
Kg6 Ra4 55. g5 Rh4 56. f6 Rh7 57. Rc8# 1-0

[Event "Late-Titled-Tuesday-Blitz-September-05-2023"]
[Site "Chess.com"]
[Date "2023.09.05"]
[Round "3"]
[White "Kleyton_Lima"]
[Black "SaqoChess_Twitch"]
[Result "0-1"]
[WhiteElo "2505"]
[BlackElo "2736"]
[TimeControl "180+1"]
[EndTime "14:29:18 PDT"]
[Termination "SaqoChess_Twitch won by resignation"]

1. e4 c5 2. Nf3 d6 3. d4 cxd4 4. Nxd4 Nf6 5. Nc3 g6 6. Be3 Bg7 7. f3 O-O 8. Qd2 Nc6 9. O-O-O d5 10. Qe1 e5 11. Nxc6 bxc6 12. exd5 Nxd5 13. Bc4 Be6 14.
Ne4 Qc7 15. Bc5 Rfd8 16. Qh4 h6 17. g4 Nf4 18. Rxd8+ Rxd8 19. Bxe6 Nxe6 20. Qf2 f5 21. gxf5 gxf5 22. Nc3 e4 23. fxe4 fxe4 24. Rg1 Qe5 25.
Be3 Kh7 26. Kb1 Rb8 27. Kc1 Rxb2 28. Kxb2 Qxc3+ 29. Kc1 Qb2+ 30. Kd1 Qb1+ 31. Kd2 Qb4+ 32. Kd1 Qd6+ 33. Kc1 Qe5 34. Kd1 c5 35. Rf1 Qd5+ 36. Kc1 Qxa2 37. Qf5+ Kh8 38. Rg1 Qa1+ 39. Kd2 Qc3+ 40.
Kd1 Qxe3 41. Rxg7 Qd4+ 42. Kc1 Nxg7 43. Qc8+ Kh7 44. h4 e3 45. Qg4 Qd2+ 46. Kb2 Qb4+ 47.
Kc1 Qxg4 0-1

[Event "Late-Titled-Tuesday-Blitz-September-05-2023"]
[Site "Chess.com"]
[Date "2023.09.05"]
[Round "3"]
[White "wild3000"]
[Black "ckgchess"]
[Result "0-1"]
[WhiteElo "2346"]
[BlackElo "2846"]
[TimeControl "180+1"]
[EndTime "14:29:19 PDT"]
[Termination "ckgchess won on time"]

1. e4 e5 2. Nf3 Nf6 3. Nxe5 d5 4. exd5 Qxd5 5. d4 Nc6 6. Nxc6 Qxc6 7. Nc3 Bb4 8. Qe2+ Kd8 9. Qd3 Re8+ 10. Be3 Nd5 11.
Kd2 Bf5 12. Qc4 Bxc3+ 13. bxc3 Nxe3 14. fxe3 Qe4 15. Qd3 Qe6 16. Qe2 Ke7 17. Qf2 Kf8 18. Bb5 c6 19. Bd3 Bg6 20. h4 Kg8 21. h5 Bxd3 22.
cxd3 h6 23. c4 Rad8 24. a4 b6 25. e4 a6 26. d5 cxd5 27. cxd5 Qe5 28. Rac1 Qb2+ 29.
Rc2 Qb4+ 30. Rc3 Qb2+ 31. Rc2 Qb4+ 32. Rc3 Re5 33. g4 Rg5 34. Qf4 Qxa4 35. Rf1 f6 36. Qe3 Qb4 37. Qf4 a5 38. Rc1 Rgxd5 39. Qe3 Rxd3+ 40.
Qxd3 Rxd3+ 41. Kxd3 Kh7 42. Rc4 Qb5 43. Ke3 Qg5+ 44.
Kf3 b5 45. Rc5 Qd2 46. R1c2 Qd3+ 47. Kf4 b4 0-1

[Event "Late-Titled-Tuesday-Blitz-September-05-2023"]
[Site "Chess.com"]
[Date "2023.09.05"]
[Round "3"]
[White "kikoveiga"]
[Black "sjoerd893"]
[Result "1/2-1/2"]
[WhiteElo "2589"]
[BlackElo "2431"]
[TimeControl "180+1"]
[EndTime "14:29:19 PDT"]
[Termination "Game drawn by repetition"]

1. c4 e5 2. Nc3 Nf6 3. Nf3 Nc6 4. e4 Bb4 5. d3 d6 6. Be2 O-O 7. O-O h6 8. h3 a5 9. Be3 Be6 10. a3 Bc5 11. d4 Nxd4 12. Nxd4 exd4 13. Bxd4 Bxd4 14. Qxd4 Nd7 15. b4 Qf6 16. Qxf6 Nxf6 17. f4 Rfe8 18. Bd3 Bd7 19. Rfe1 Bc6 20. Nd5 Bxd5 21.
cxd5 axb4 22. axb4 Rxa1 23. Rxa1 Nxe4 24. Ra7 Nc3 25. Rxb7 Nxd5 26. Bc4 Nxf4 27. Rxc7 d5 28. Bf1 d4 29. b5 Rb8 30. g3 Ne6 31. Rd7 Kf8 32. Kf2 Ke8 33. Ra7 Nc5 34. Bc4 Ne4+ 35. Kg2 Nd6 36. Bd5 Kf8 37. Rd7 Nxb5 38. Rxf7+ Ke8 39. Rf4 Rb6 40. Bc4 Ke7 41. Bxb5 Rxb5 42. Rxd4 Re5 43. h4 Kf6 44. Kf3 Re6 45. Kf4 Ra6 46.
h5 Ra5 47. Kg4 Rg5+ 48. Kh4 Ra5 49. Rf4+ Rf5 50. Ra4 Re5 51. g4 Rd5 52. Ra6+ Kf7 53. Ra4 Kf6 54. Rf4+ Ke6 55. Re4+ Kf7 56. Ra4 Kf6 1/2-1/2

[Event "Late-Titled-Tuesday-Blitz-September-05-2023"]
[Site "Chess.com"]
[Date "2023.09.05"]
[Round "3"]
[White "GP9isback23"]
[Black "Parhamov"]
[Result "0-1"]
[WhiteElo "2669"]
[BlackElo "2957"]
[TimeControl "180+1"]
[EndTime "14:29:20 PDT"]
[Termination "Parhamov won on time"]

1. Nf3 d5 2. e3 Nf6 3. d4 a6 4.
Be2 Bf5 5. O-O e6 6. c4 h6 7. b3 Nbd7 8. Bb2 c6 9. Nc3 Bd6 10. Bd3 Ne4 11. Qc2 Ndf6 12. Nd2 Bxh2+ 13. Kxh2 Ng4+ 14.
Kg1 Nxd2 15. Bxf5 exf5 16. Qxd2 Qh4 17. Rfe1 Qh2+ 18. Kf1 Qh1+ 19. Ke2 Qxg2 20. Kd1 dxc4 21. bxc4 b5 22. Kc2 b4 23. Na4 Qe4+ 24. Kb3 a5 25.
Qe2 Nf6 26. f3 Qe7 27. e4 O-O 28. e5 Nd7 29. c5 Rfd8 30. Qc4 Nf8 31. Nb6 Rab8 32. Rad1 Ne6 33. Kc2 Qg5 34. Kb1 Qf4 35. Qe2 Nxd4 36. Bxd4 Rxd4 37. Rxd4 Qxd4 38. e6 fxe6 39.
Qxe6+ Kh8 40. Nd7 Qd3+ 41. Ka1 Qc3+ 42. Kb1 b3 43. Qe2 bxa2+ 0-1

[Event "Late-Titled-Tuesday-Blitz-September-05-2023"]
[Site "Chess.com"]
[Date "2023.09.05"]
[Round "3"]
[White "The_Princess_Moon"]
[Black "2346PL"]
[Result "0-1"]
[WhiteElo "2282"]
[BlackElo "2484"]
[TimeControl "180+1"]
[EndTime "14:29:20 PDT"]
[Termination "2346PL won by checkmate"]

1. e4 d6 2. Nf3 Nf6 3. Nc3 e5 4. d4 Nbd7 5. Bc4 Be7 6. a4 O-O 7. O-O c6 8. h3 b6 9. dxe5 dxe5 10. Bg5 h6 11. Be3 a6 12. Qe2 Bb7 13. Bb3 b5 14. axb5 axb5 15. Rxa8 Qxa8 16. Rd1 Qb8 17. Nh4 Nc5 18.
Ng6 Qc7 19. Nxf8 Bxf8 20. f3 Nh5 21. Qd2 Be7 22. Kh2 Nxb3 23. cxb3 Bc8 24. Qf2 Kh7 25. Bc5 Bg5 26. b4 Bf4+ 27. Kh1 Be6 28. Ne2 Qc8 29.
Qh4 g6 30. g4 Ng3+ 31. Nxg3 Bg5 32. Qxg5 hxg5 33. Nf1 Kg7 34. Kg2 Qa6 35. Ne3 Qa2 36. Rd2 Qb3 37. Kf2 Qa2 38. Bd6 f6 39.
Bc5 Qb1 40. Nd1 Bb3 41. Rd7+ Kg8 42. Ne3 Qxb2+ 43. Kg3 Qc1 44. Kf2 Qh1 45. Rd8+ Kf7 46. Rd7+ Ke8 47. Re7+ Kd8 48. Rh7 Bc4 49. Be7+ Kc8 50.
Bxf6 Qh2+ 51. Ng2 Qh1 52. Ne3 Qc1 53. Bxe5 Qd2+ 54. Kg3 Qxe3 55. Rc7+ Kd8 56. Rxc6 Qg1# 0-1